 Dungeon Crawl Stone Soup version 0.19-a0-1851-g3228ea0 (webtiles) character file.

451 Fhqwhgads the Chopper (level 7, -6/52 HPs)
             Began as a Formicid Fighter on Oct 10, 2016.
             Killed from afar by gressup's ghost (13 damage)
             ... with a puff of frost
             ... on level 5 of the Dungeon.
             The game lasted 00:04:29 (3469 turns).

Fhqwhgads the Chopper (Formicid Fighter)            Turns: 3469, Time: 00:04:30

Health: -6/52      AC:  9    Str: 22    XL:     7   Next: 25%
Magic:  7/7        EV:  6    Int:  8    God:
Gold:   132        SH: 10    Dex: 10    Spells: 1 memorised, 3 levels left

rFire  . . .     SeeInvis +     a - +0 war axe
rCold  . . .     Gourm    .     l - +0 chain mail
rNeg   . . .     Faith    .     c - +0 shield
rPois  .         Spirit   .     (helmet unavailable)
rElec  .         Dismiss  .     (no cloak)
rCorr  .         Reflect  .     (no gloves)
MR     .....     Harm     .     (no boots)
Stlth  ..........               (no amulet)
                                (no ring)
                                (no ring)

@: no status effects
A: permanent stasis, dig shafts and tunnels, four strong arms, antennae 3
a: Dig, Shaft Self


You were on level 5 of the Dungeon.
You were not hungry.

You visited 1 branch of the dungeon, and saw 5 of its levels.

You collected 132 gold pieces.

Inventory:

Hand Weapons
 a - a +0 war axe (weapon)
 p - a +0 flail
Missiles
 e - 56 bolts
Armour
 b - a +0 scale mail
 c - a +0 shield (worn)
 l - a +0 chain mail (worn)
Jewellery
 d - a cursed -3 ring of intelligence {unknown}
Scrolls
 g - 4 scrolls of enchant armour {unknown}
 h - a scroll of teleportation {unknown}
 j - 2 scrolls of enchant weapon {unknown}
 n - 2 scrolls of identify {unknown}
 r - a scroll of random uselessness {unknown}
 s - 2 scrolls of remove curse {unknown}
Potions
 k - a potion of curing {unknown}
 o - a potion of berserk rage {unknown}
 u - a potion of cancellation {unknown}
Books
 t - a book of Necromancy

   Spells                             Type                      Level
   a - Pain                           Necromancy                   1
   b - Animate Skeleton               Necromancy                   1
   c - Vampiric Draining              Necromancy                   3
   d - Regeneration                   Charms/Necromancy            3
   e - Animate Dead                   Necromancy                   4
   f - Control Undead                 Necromancy                   4
Comestibles
 f - 7 bread rations
 i - 2 meat rations
 m - a royal jelly
 v - a slice of pizza


   Skills:
 - Level 3.2 Fighting
 * Level 6.2 Axes
 - Level 3.2 Armour
 + Level 5.9 Shields


You had 3 spell levels left.
You knew the following spells:

 Your Spells              Type           Power        Failure   Level  Hunger
a - Regeneration          Chrm/Necr      #.........   100%        3    ####...


Dungeon Overview and Level Annotations

Branches:
Dungeon (5/15)
 Temple: D:4-7

Altars:
Ashenzari
Cheibriados
Dithmenos
Gozag
Makhleb
Sif Muna
Trog

Annotations:
D:5 gressup's ghost, novice HuIE


Innate Abilities, Weirdness & Mutations

You are under a permanent stasis effect.
You can dig through walls and to a lower floor.
Your four strong arms can wield two-handed weapons with a shield.
You have a pair of large antennae on your head. (SInv)


Message History

You slash the ogre!
The ogre is severely wounded.
The ogre hits you with a giant club!!
You barely miss the ogre.
The ogre is severely wounded.
You block the ogre's attack.
You hit the ogre.
The ogre is severely wounded.
The ogre hits you with a giant club.
Gressup's ghost whispers, "There is no future for you."
You hit the ogre.
The ogre is almost dead.
The ogre hits you with a giant club!
* * * LOW HITPOINT WARNING * * *
You are too injured to fight recklessly!
You block the ogre's attack.
Gressup's ghost whispers, "There is no future for you."
Gressup's ghost gestures at you while chanting.
The puff of frost hits you!
You die...

#.#.#
###.#.# #
#.....#
.##.....#
..$....#
#.....#
#..WO.#
#@########.#
#....<.....#
############


You could see an ogre and gressup's ghost.

Vanquished Creatures
  A crimson imp (D:3)
  A gnoll shaman (D:3)
  3 orc priests (D:3)
  A hound (D:4)
  An orc wizard (D:3)
  A worker ant (D:4)
  6 adders
  3 gnolls (D:3)
  A shadow imp (D:3)
  An ooze (D:3)
  4 worms
  5 dart slugs
  4 leopard geckos
  9 orcs (D:3)
  3 ball pythons
  2 giant cockroaches (D:1)
  6 goblins
  9 hobgoblins
  3 jackals (D:3)
  2 quokkas
  7 bats
  8 frilled lizards
  A jackal skeleton (D:4)
  9 kobolds
  10 rats
101 creatures vanquished.

Notes
Turn   | Place    | Note
-------+----------+-------------------------------------------
     0 | D:1      | Fhqwhgads the Formicid Fighter began the quest for the Orb.
     0 | D:1      | Reached XP level 1. HP: 18/18 MP: 1/1
    49 | D:1      | Reached XP level 2. HP: 23/24 MP: 2/2
   303 | D:1      | Reached XP level 3. HP: 29/29 MP: 3/3
   337 | D:1      | Reached skill level 3 in Axes
  1023 | D:2      | Reached XP level 4. HP: 21/35 MP: 4/4
  1300 | D:2      | Found a snail-covered altar of Cheibriados.
  1300 | D:2      | Found a bloodstained altar of Trog.
  1301 | D:2      | Found a burning altar of Makhleb.
  1606 | D:3      | Reached skill level 4 in Axes
  1616 | D:3      | Reached XP level 5. HP: 23/41 MP: 5/5
  1833 | D:3      | Reached skill level 5 in Shields
  2013 | D:3      | HP: 1/41 [gnoll/halberd (8)]
  2018 | D:3      | Reached skill level 5 in Axes
  2018 | D:3      | Reached XP level 6. HP: 2/47 MP: 6/6
  2021 | D:3      | HP: 1/47 [gnoll/halberd (2)]
  2403 | D:3      | Found a deep blue altar of Sif Muna.
  2721 | D:3      | Reached XP level 7. HP: 34/52 MP: 7/7
  3019 | D:4      | Learned a level 3 spell: Regeneration
  3030 | D:4      | Reached skill level 6 in Axes
  3319 | D:4      | Found a shadowy altar of Dithmenos.
  3319 | D:4      | Found a shattered altar of Ashenzari.
  3363 | D:4      | Found an opulent altar of Gozag.
  3458 | D:5      | Entered Level 5 of the Dungeon
  3464 | D:5      | Noticed gressup's ghost (novice HuIE)
  3469 | D:5      | Killed from afar by gressup's ghost

Vault maps used:
D:1:      minmay_arrival_open_corners
D:2:      gammafunk_temple_overflow_claw
D:3:      minmay_diamond_boxcup, overflow_temple_1_default, first_bread
D:4:      lemuel_coloured_pillars_altar, gammafunk_temple_overflow_wave
D:5:      black_bear_nest_2, portal_sewer_entry_a, minmay_misc_feat_hallway,
          nicolae_for_you_no_charge

Skill      XL: |  1  2  3  4  5  6  7 |
---------------+----------------------+-----
Shields        | 4 5 |  5.9
Axes           | 3 4 5 6 |  6.2
Fighting       | |  3.2
Armour         | |  3.2

Action                   |  1- 3 |  4- 6 |  7- 9 || total
-------------------------+-------+-------+-------++-------
Melee: War axe           |   107 |   220 |   102 ||   429
  Use: Potion            |       |     1 |       ||     1
  Eat: Chunk             |       |     6 |     3 ||     9
Armor: Scale mail        |    35 |    13 |       ||    48
       Chain mail        |       |    88 |    38 ||   126
Dodge: Dodged            |    21 |    75 |    26 ||   122
Block: Shield            |    50 |   117 |    62 ||   229
